 Dungeon Crawl Stone Soup version 0.27-a0-170-g607d9e9d85 (webtiles) character file.

Game seed: 9859981819235827302

68732 tsouns the Basher (level 14, -1/129 HPs)
             Began as a Green Draconian Delver on Jan 29, 2021.
             Was a High Priest of Yredelemnul.
             Killed from afar by a wizard (68 damage)
             ... with a crystal spear
             ... on level 11 of the Dungeon.
             The game lasted 00:52:59 (19344 turns).

tsouns the Basher (Green Draconian Delver)         Turns: 19344, Time: 00:53:00

Health: -1/129     AC: 14    Str: 17    XL:     14   Next: 87%
Magic:  21/23      EV: 22    Int: 14    God:    Yredelemnul [*****.]
Gold:   1742       SH:  5    Dex: 12    Spells: 11/13 levels left

rFire    + . .     SeeInvis .   K - +9 morningstar
rCold    . . .     Faith    .   o - +0 buckler
rNeg     + . .     Spirit   .   (armour unavailable)
rPois    +         Reflect  .   h - +1 hat
rElec    .         Harm     .   l - +0 cloak
rCorr    .         Rampage  .   T - +0 pair of gloves
Will     +....                  v - +2 pair of boots {Fly}
Stlth    ++++......             s - amulet "Siusurenk" {rF+ rN+ Regen+}
HPRegen  0.71/turn              m - +4 ring of slaying
MPRegen  0.18/turn              B - +4 ring of evasion

@: flying
A: breathe noxious fumes, unfitting armour, stinger 1, poison resistance,
cold-blooded, AC +8
a: Breathe Noxious Fumes, Stop Flying, Renounce Religion, Recall Undead Slaves,
Injury Mirror, Animate Dead, Drain Life, Enslave Soul


You were on level 11 of the Dungeon.
You worshipped Yredelemnul.
Yredelemnul was extremely pleased with you.
You visited 2 branches of the dungeon, and saw 16 of its levels.
You visited the Abyss 1 time.
You also visited: Gauntlet.

You collected 1903 gold pieces.
You spent 161 gold pieces at shops.

Inventory:

Hand Weapons
 K - a +9 morningstar (weapon)
 N - a +2 vorpal dire flail
Missiles
 j - 4 curare-tipped darts
 C - 57 poisoned darts (quivered)
 D - 12 javelins
 E - 9 throwing nets
 L - 16 silver javelins
Armour
 h - a +1 hat (worn)
 l - a +0 cloak (worn)
 o - a +0 buckler (worn)
 v - a +2 pair of boots of flying (worn)
 T - a +0 pair of gloves (worn)
Jewellery
 m - a +4 ring of slaying (left hand)
 s - the amulet "Siusurenk" (around neck) {rF+ rN+ Regen+}
   (You found it on level 10 of the Dungeon)

   [amulet of regeneration]

   It protects you from fire.
   It protects you from negative energy.
   It increases your rate of regeneration.
 B - a +4 ring of evasion (right hand)
 J - an uncursed ring of ice
 P - an uncursed ring of protection from fire
Wands
 e - a wand of mindburst (6)
 f - a wand of digging (5)
 i - a wand of flame (18)
 u - a wand of polymorph (14)
 w - a wand of acid (21)
 z - a wand of paralysis (5)
 H - a wand of random effects (66)
 M - a wand of iceblast (21)
 S - a wand of enslavement (5)
Scrolls
 b - 4 scrolls of fog
 c - 5 scrolls of magic mapping
 d - 4 scrolls of fear
 g - 12 scrolls of remove curse
 k - 9 scrolls of teleportation
 y - 7 scrolls of blinking
 G - 3 scrolls of immolation
 Q - 3 scrolls of identify
Potions
 a - a potion of lignification
 p - 3 potions of mutation
 q - 2 potions of cancellation
 r - 5 potions of curing
 t - a potion of magic
 x - 4 potions of heal wounds
 A - 2 potions of invisibility
 F - 2 potions of flight
 R - 7 potions of ambrosia
 U - 2 potions of haste
 V - a potion of brilliance
Miscellaneous
 n - a box of beasts
 I - a condenser vane
 O - a phial of floods


   Skills:
 + Level 13.2 Fighting
 * Level 14.9 Maces & Flails
 + Level 11.1 Dodging
 + Level 9.0 Stealth
 - Level 4.0 Shields
 + Level 12.1 Invocations


You had 11 spell levels left.
You knew the following spells:

 Your Spells              Type           Power        Failure   Level
a - Blink                 Tloc           N/A          41%         2

Your spell library contained the following spells:

 Spells                   Type           Power        Failure   Level
 Apportation              Tloc           0%           28%         1
 Corona                   Hex            0%           28%         1
 Freeze                   Ice            0%           28%         1
 Magic Dart               Conj           0%           28%         1
 Sandblast                Erth           0%           28%         1
 Sting                    Tmut/Pois      0%           28%         1
 Summon Small Mammal      Summ           0%           28%         1
 Call Imp                 Summ           0%           41%         2
 Ensorcelled Hibernation  Hex/Ice        0%           41%         2
 Passwall                 Tmut/Erth      0%           41%         2
 Poisonous Vapours        Pois/Air       0%           41%         2
 Slow                     Hex            0%           41%         2
 Call Canine Familiar     Summ           0%           65%         3
 Confusing Touch          Hex            0%           65%         3
 Conjure Flame            Conj/Fire      0%           65%         3
 Dazzling Flash           Conj/Hex       0%           65%         3
 Frozen Ramparts          Ice            0%           65%         3
 Ignite Poison            Fire/Tmut/Pois 0%           65%         3
 Inner Flame              Hex/Fire       0%           65%         3
 Lesser Beckoning         Tloc           0%           65%         3
 Mephitic Cloud           Conj/Pois/Air  0%           65%         3
 Ozocubu's Armour         Ice            0%           65%         3
 Portal Projectile        Hex/Tloc       0%           65%         3
 Stone Arrow              Conj/Erth      0%           65%         3
 Summon Guardian Golem    Hex/Summ       0%           65%         3
 Tukima's Dance           Hex            0%           65%         3
 Cause Fear               Hex            0%           96%         4
 Hailstorm                Conj/Ice       0%           96%         4
 Leda's Liquefaction      Hex/Erth       0%           96%         4
 Olgreb's Toxic Radiance  Pois           0%           96%         4
 Petrify                  Tmut/Erth      0%           96%         4
 Summon Ice Beast         Ice/Summ       0%           96%         4
 Summon Lightning Spire   Summ/Air       0%           96%         4
 Alistair's Intoxication  Tmut/Pois      0%           100%        5
 Lee's Rapid Deconstruct  Erth           0%           100%        5
 Invisibility             Hex            0%           100%        6


Dungeon Overview and Level Annotations

Branches:
Dungeon (11/15)            Temple (0/1) D:6            Lair (6/6) D:10
 Shoals (0/4) Lair:2        Snake (0/4) Lair:3        Slime (0/5) Lair:6
    Orc (0/2) D:11        Gauntlet (visited)

Altars:
Ashenzari
Dithmenos
Fedhas
Gozag
Kikubaaqudgha
Makhleb
Nemelex Xobeh
Ru
Sif Muna
Trog
Wu Jian
Yredelemnul
The Shining One

Shops:
D:4 !   D:5 =[=**   D:7 :   D:8 (

Annotations:
D:3 3 runed translucent doors, bmj180's ghost, amateur MfMo; tsouns's ghost, amateur TeFE
Lair:2 exclusion: 4 oklob plants


Innate Abilities, Weirdness & Mutations

You can breathe blasts of noxious fumes.
Your lurid green scales are hard. (AC +8)
You cannot fit into any form of body armour.
Your tail ends in a poisonous barb.
Your system is resistant to poisons. (rPois)
You are cold-blooded and may be slowed by cold attacks.


Message History

The two-headed ogre hits you with a +0 giant club!
The two-headed ogre hits you with a +0 giant club!!
You are too injured to fight recklessly!
You are too injured to fight recklessly!
You bludgeon the two-headed ogre!!
The two-headed ogre is heavily wounded.
Your centaur zombie hits the two-headed ogre.
You puncture the two-headed ogre! You tail-slap the two-headed ogre.
You kill the two-headed ogre!
Yredelemnul accepts your kill.
You can now enslave living souls.
A wizard comes into view. It is wielding a +0 dagger.
Things that are here:
a +0 giant club; a +0 giant club; a two-headed ogre corpse You call on the dead to rise...
The dead are walking!
Unknown command.
The wizard casts a spell at you. The crystal spear hits you!!!
Ouch! That really hurt!
You die...
Your body rises from the dead as a mindless zombie.

....# #..####ZZZ# ....#
##.## #ZZZ#.# ###.#
#...####ZZ#.# # ..#.#
#...##..ZZ#.#.# #.#.#
#...##.##Z#.#.#
..#.######..#.##.W...#.#
#).....####.#.##Z.Z#...#
.......+.......#.....###
#.##...####..###@###.#
..........##.# #.?...#
#............###......#
#.....[#..##..##..p.....
#......#..###.##......##
#......#..(...##......#
#..^..##.###...#......#
.....###.###.#.#......#
###..#.......#..


You could see a wizard, a friendly flayed ghost, 4 friendly orc zombies, a
friendly orc warrior zombie, a friendly orc priest zombie, a friendly centaur
zombie, a friendly two-headed ogre zombie and a friendly troll zombie.

Vanquished Creatures
  2 tentacled starspawn (Abyss:1)
  A dire elephant (Lair:5)
  A minotaur (Gauntlet)
  A fire dragon (Lair:6)
  Josephine (D:10)
  An ice dragon (Lair:6)
  7 hydras
  Harold (Lair:1)
  2 two-headed ogres
  An anaconda (Lair:5)
  A death yak (Lair:5)
  Sonja (Lair:1)
  A wretched star (Abyss:1)
  A fire crab (Lair:5)
  A swamp dragon (Lair:6)
  A wizard (D:9)
  A necromancer (Gauntlet)
  Pikel (D:6)
  A lindwurm (Lair:6)
  An orc sorcerer (D:9)
  A deep elf mage (Abyss:1)
  A manticore (Lair:5)
  5 black mambas
  19 elephants
  Joseph (D:9)
  5 torpor snails (Lair:6)
  A molten gargoyle (Lair:3)
  11 cane toads
  12 komodo dragons
  A merfolk (Lair:2)
  A troll (D:11)
  A polar bear (Lair:1)
  7 hornets (Lair:6)
  A queen bee (Lair:3)
  3 tyrant leeches (Lair:6)
  4 raiju (Abyss:1)
  5 dream sheep (Lair:6)
  12 blink frogs
  Sigmund (D:6)
  Eustachio (D:6)
  4 wyverns
  5 wraiths (D:10)
  2 ynoxinuls (Abyss:1)
  7 fire bats
  43 yaks
  A steam dragon (Lair:6)
  2 basilisks (Lair:5)
  Grum (D:8)
  3 nagas (Lair:3)
  17 water moccasins
  6 orc warriors
  A swamp drake (D:10)
  3 sky beasts
  An ice beast (D:9)
  A necrophage (D:7)
  A black bear (Lair:5)
  9 ogres
  2 phantoms
  A tengu (D:5)
  3 centaurs
  4 wolves (Gauntlet)
  A big kobold (D:7)
  2 gnoll sergeants (D:8)
  15 bullfrogs
  Dowan (D:5)
  A scorpion (D:11)
  2 small abominations
  34 killer bees
  11 wights
  An electric eel (Lair:2)
  A howler monkey (D:11)
  A crimson imp (Abyss:1)
  A bullfrog zombie (D:9)
  3 jellies
  3 bullfrog skeletons
  10 orc wizards
  3 orc priests
  A gnoll shaman (D:8)
  11 hounds
  3 centaur skeletons
  7 iguanas
  11 worker ants
  Natasha (thrice) (D:2)
  6 hell rats
  A worker ant zombie (D:7)
  17 gnolls
  9 adders
  A human zombie (Gauntlet)
  4 white imps
  An ooze (D:7)
  A lindwurm zombie (Lair:6)
  2 adder skeletons
  An adder zombie (D:7)
  4 worms
  2 dart slugs
  7 leopard geckos
  47 orcs
  A bat (D:2)
  4 giant cockroaches
  6 goblins
  4 hobgoblins
  7 jackals
  5 quokkas
  A yak zombie (D:9)
  6 frilled lizards
  A jackal zombie (D:7)
  7 kobolds
  2 rats
511 creatures vanquished.

Vanquished Creatures (collateral kills)
  Snorg (Lair:6)
  5 elephants (Lair:5)
  A black mamba (Lair:5)
  6 cane toads
  Maggie (D:9)
  3 rime drakes (Lair:6)
  5 komodo dragons
  A polar bear (Lair:5)
  A tyrant leech (Lair:6)
  5 blink frogs
  6 dream sheep (Lair:6)
  4 yaks
  3 basilisks
  A fire bat (Lair:3)
  A naga (Lair:3)
  A water moccasin (Lair:1)
  3 swamp drakes
  2 ogres
  A lemure (D:6)
  3 bullfrogs
  A wyvern skeleton (D:9)
  A scorpion (D:9)
  3 killer bees
  A howler monkey (D:11)
  An electric eel (Lair:3)
  4 hounds (D:8)
  2 bullfrog zombies
  A centaur skeleton (D:7)
  A gnoll shaman (D:8)
  An iguana (Lair:6)
  An orc wizard (D:6)
  2 hell rats
  A worker ant (D:6)
  5 gnolls (D:8)
  A shadow imp (D:8)
  A leopard gecko (D:8)
  6 orcs
  A jackal (D:8)
  A frilled lizard (D:8)
  A bush (Lair:5)
90 creatures vanquished.

Vanquished Creatures (others)
  A flayed ghost (Lair:6)
  3 flying skulls (Lair:5)
  A vampire (Lair:5)
  A killer bee (Lair:3)
  3 wights
  An ice dragon zombie (Lair:6)
  2 hydra zombies
  2 black mamba zombies (Lair:6)
  A mummy (Gauntlet)
  A tyrant leech zombie (Lair:6)
  2 cane toad zombies (Lair:5)
  A two-headed ogre zombie (D:10)
  5 elephant zombies
  A merfolk zombie (Lair:2)
  2 torpor snail zombies (Lair:6)
  5 blink frog zombies
  A dream sheep zombie (Lair:6)
  3 hornet zombies (Lair:6)
  3 komodo dragon zombies
  4 water moccasin zombies
  6 yak zombies
  2 rime drake zombies (Lair:6)
  2 naga zombies (Lair:3)
  An adder zombie (D:8)
  A big kobold zombie (D:6)
  2 bullfrog zombies
  3 gnoll zombies (D:8)
  2 hell rat zombies (Lair:6)
  5 hound zombies
  A human zombie (D:6)
  5 iguana zombies
  A jackal zombie (D:8)
  A kobold zombie (D:7)
  3 ogre zombies
  10 orc zombies
  3 raiju zombies (Abyss:1)
  A scorpion zombie (D:9)
  2 worker ant zombies
  70 fungi
  112 plants
  8 starspawn tentacles (Abyss:1)
  A withered plant (Gauntlet)
285 creatures vanquished.

Grand Total: 886 creatures vanquished

Notes
Turn   | Place    | Note
-------+----------+-------------------------------------------
     0 | D:5      | tsouns the Draconian Delver began the quest for the Orb.
     0 | D:5      | Reached XP level 1. HP: 19/19 MP: 1/1
    11 | D:5      | Found Caimame's Jewellery Emporium.
    25 | D:5      | Reached XP level 2. HP: 18/26 MP: 2/2
   400 | D:4      | Found Ystranumi's Distillery.
   476 | D:4      | Reached XP level 3. HP: 24/33 MP: 3/3
   656 | D:3      | Noticed a bullfrog
   657 | D:3      | Noticed an ogre
   670 | D:3      | Killed a bullfrog
   671 | D:3      | Reached skill level 3 in Maces & Flails
   671 | D:3      | Reached XP level 4. HP: 41/41 MP: 4/4
   756 | D:3      | Found a sparkling altar of Nemelex Xobeh.
   758 | D:3      | Found a basalt altar of Yredelemnul.
   767 | D:3      | Became a worshipper of Yredelemnul the Dark
   781 | D:3      | Found a runed translucent gate.
   781 | D:3      | Found a runed translucent gate.
   782 | D:3      | Found a runed translucent gate.
   783 | D:3      | Noticed tsouns's ghost (amateur TeFE)
   783 | D:3      | Noticed bmj180's ghost (amateur MfMo)
   994 | D:2      | Found a burning altar of Makhleb.
  1072 | D:2      | Reached XP level 5. HP: 46/47 MP: 5/5
  1097 | D:2      | Found a bloodstained altar of Trog.
  1126 | D:2      | Found a shimmering blue altar of Sif Muna.
  1157 | D:2      | Found an opulent altar of Gozag.
  1262 | D:2      | Found a shadowy altar of Dithmenos.
  1519 | D:2      | Noticed Natasha
  1528 | D:2      | Killed Natasha
  1636 | D:2      | Noticed Natasha
  1656 | D:2      | Killed Natasha
  1668 | D:2      | Noticed Natasha
  1676 | D:2      | Killed Natasha
  1864 | D:3      | Killed an ogre
  1865 | D:3      | Reached skill level 5 in Fighting
  1865 | D:3      | Reached skill level 4 in Maces & Flails
  1865 | D:3      | Reached XP level 6. HP: 24/56 MP: 6/6
  2654 | D:4      | Found a broken altar of Ashenzari.
  2656 | D:4      | Reached * piety under Yredelemnul
  3310 | D:5      | Your scales start taking on a lurid green colour.
  3310 | D:5      | Reached XP level 7. HP: 60/62 MP: 7/7
  3310 | D:5      | Gained mutation: Your system is resistant to poisons.
                  | (rPois) [Green Draconian growth]
  3548 | D:5      | Found an ornate altar of the Wu Jian Council.
  3575 | D:5      | Found Bynu's Armour Shoppe.
  3579 | D:5      | Found Lycoczoc's Jewellery Boutique.
  3599 | D:5      | Bought a +0 pair of boots of flying for 161 gold pieces
  3655 | D:5      | Found Odomerie's Assorted Antiques.
  3870 | D:5      | Reached skill level 1 in Invocations
  3946 | D:5      | Found Zidedwue's Assorted Antiques.
  4050 | D:6      | Noticed Duvessa
  4057 | D:6      | Noticed Dowan
  4061 | D:6      | Noticed Duvessa
  4061 | D:6      | Duvessa changed into Duvessa the tengu
  4096 | D:5      | Killed Duvessa the tengu
  4097 | D:5      | Reached skill level 5 in Maces & Flails
  4101 | D:5      | Killed Dowan
  4169 | D:6      | Reached skill level 1 in Shields
  4343 | D:6      | Noticed Eustachio
  4358 | D:6      | Killed Eustachio
  4359 | D:6      | Reached XP level 8. HP: 64/71 MP: 9/9
  4451 | D:6      | Found a staircase to the Ecumenical Temple.
  4524 | D:6      | Reached skill level 5 in Dodging
  4612 | D:6      | Found a glowing golden altar of the Shining One.
  4710 | D:6      | Noticed Pikel
  4725 | D:6      | Killed Pikel
  4786 | D:6      | Your ally Eustachio died
  4789 | D:6      | Your ally Pikel died
  4789 | D:6      | HP: 2/71 [acid (8)]
  4799 | D:6      | Reached skill level 6 in Maces & Flails
  5023 | D:6      | Noticed Sigmund
  5033 | D:6      | Killed Sigmund
  5238 | D:7      | Reached XP level 9. HP: 79/79 MP: 12/12
  5499 | D:7      | Found Wadeer's Book Emporium.
  5660 | D:7      | Reached ** piety under Yredelemnul
  5691 | D:7      | Found a blossoming altar of Fedhas.
  5919 | D:7      | Reached skill level 5 in Invocations
  6195 | D:8      | Reached skill level 7 in Maces & Flails
  6393 | D:8      | Reached *** piety under Yredelemnul
  6511 | D:8      | Noticed Grum
  6520 | D:8      | Killed Grum
  6696 | D:8      | Reached XP level 10. HP: 69/90 MP: 14/14
  6795 | D:8      | Found Ynuebruq's Antique Weapon Emporium.
  7108 | D:8      | Found a blossoming altar of Fedhas.
  7110 | D:8      | Found an ancient bone altar of Kikubaaqudgha.
  7210 | D:8      | Found a glowing golden altar of the Shining One.
  7234 | D:8      | Learned a level 2 spell: Blink
  7328 | D:9      | Found a sacrificial altar of Ru.
  7381 | D:9      | Reached skill level 8 in Maces & Flails
  7488 | D:9      | Reached **** piety under Yredelemnul
  7593 | D:9      | Noticed Joseph
  7619 | D:9      | Killed Joseph
  7671 | D:9      | Noticed an orc sorcerer
  7675 | D:9      | Noticed a wizard
  7678 | D:9      | Paralysed by an orc sorcerer for 4 turns
  7680 | D:9      | Killed an orc sorcerer
  7702 | D:9      | Killed a wizard
  7879 | D:9      | Reached skill level 9 in Maces & Flails
  7924 | D:9      | Identified the +1 robe of Hyamnuhu {Dex+5}
  7986 | D:9      | Noticed Maggie
  8010 | D:9      | Killed Maggie
  8011 | D:9      | Reached XP level 11. HP: 99/99 MP: 16/16
  8433 | D:10     | Entered Level 10 of the Dungeon
  8436 | D:10     | Noticed a two-headed ogre
  8448 | D:10     | Killed a two-headed ogre
  8493 | D:10     | Received a gift from Yredelemnul (a wight)
  8648 | D:10     | Got a coiled iron amulet
  8668 | D:10     | Identified the amulet "Siusurenk" {rF+ rN+ Regen+} (You
                  | found it on level 10 of the Dungeon)
  9011 | D:10     | Noticed Josephine
  9021 | D:10     | Killed Josephine
  9022 | D:10     | Reached skill level 10 in Fighting
  9022 | D:10     | Reached skill level 10 in Maces & Flails
  9047 | D:10     | Reached ***** piety under Yredelemnul
  9047 | D:10     | Received a gift from Yredelemnul (a wight)
  9226 | D:10     | Found a staircase to the Lair.
  9337 | Lair:1   | Entered Level 1 of the Lair of Beasts
  9469 | Lair:1   | Found a gate leading to a gauntlet.
  9478 | Gauntlet | Entered a Gauntlet
  9478 | Gauntlet | Found a transporter.
  9480 | Gauntlet | Noticed a necromancer
  9520 | Gauntlet | Found a transporter.
  9521 | Gauntlet | Found a transporter.
  9521 | Gauntlet | Found a transporter.
  9527 | Gauntlet | Noticed a catoblepas
  9532 | Gauntlet | Found a transporter.
  9532 | Gauntlet | Found a transporter.
  9533 | Gauntlet | Found a transporter.
  9537 | Gauntlet | Found a runed translucent door.
  9541 | Gauntlet | Found a transporter.
  9542 | Gauntlet | Noticed a death scarab
  9544 | Gauntlet | Found a transporter.
  9545 | Gauntlet | Found a transporter.
  9556 | Gauntlet | Found a transporter.
  9557 | Gauntlet | Found a transporter.
  9559 | Gauntlet | Noticed a death scarab
  9568 | Gauntlet | Found a transporter.
  9568 | Gauntlet | Noticed a death scarab
  9601 | Gauntlet | Found a transporter.
  9617 | Gauntlet | Found a runed translucent door.
  9626 | Gauntlet | Found a runed translucent door.
  9678 | Gauntlet | Received a gift from Yredelemnul (a mummy)
  9690 | Gauntlet | Killed a necromancer
  9803 | Gauntlet | Noticed a minotaur
  9809 | Gauntlet | Killed a minotaur
  9810 | Gauntlet | Reached skill level 11 in Maces & Flails
 10038 | Lair:1   | Noticed Sonja
 10057 | Lair:1   | Cast into level 1 of the Abyss (Sonja)
 10057 | Abyss:1  | Found a corrupted altar of Lugonu.
 10124 | Abyss:1  | Noticed a deep elf mage
 10137 | Abyss:1  | Killed a deep elf mage
 10138 | Abyss:1  | Reached XP level 12. HP: 92/108 MP: 18/18
 10172 | Abyss:1  | Noticed a tentacled starspawn
 10335 | Abyss:1  | Noticed a tentacled starspawn
 10346 | Abyss:1  | Killed a tentacled starspawn
 10346 | Abyss:1  | Noticed a tentacled starspawn
 10347 | Abyss:1  | Reached skill level 5 in Stealth
 10361 | Abyss:1  | Killed a tentacled starspawn
 10398 | Abyss:1  | Noticed a red very ugly thing
 10418 | Abyss:1  | Noticed a brown very ugly thing
 10418 | Abyss:1  | Noticed a red very ugly thing
 10895 | Lair:1   | Escaped the Abyss
 10898 | Lair:1   | Killed Sonja
 10899 | Lair:1   | Reached skill level 12 in Maces & Flails
 11254 | Lair:1   | Noticed a five-headed hydra
 11270 | Lair:1   | Killed a five-headed hydra
 11270 | Lair:1   | Received a gift from Yredelemnul (a wraith)
 11273 | Lair:1   | Reached skill level 10 in Invocations
 11403 | Lair:1   | Noticed Harold
 11420 | Lair:1   | Killed Harold
 11729 | Lair:2   | Reached XP level 13. HP: 114/116 MP: 20/20
 12390 | Lair:2   | Found a staircase to the Shoals.
 12968 | Lair:3   | Received a gift from Yredelemnul (a vampire)
 13296 | Lair:3   | Found a staircase to the Snake Pit.
 13501 | Lair:3   | Reached skill level 10 in Dodging
 13691 | Lair:3   | Reached skill level 13 in Maces & Flails
 13692 | Lair:3   | Received a gift from Yredelemnul (a wight)
 15547 | Lair:5   | Received a gift from Yredelemnul (a vampire)
 15920 | Lair:5   | Received a gift from Yredelemnul (3 flying skulls)
 16166 | Lair:5   | Received a gift from Yredelemnul (a vampire)
 16167 | Lair:5   | Gained mutation: Your tail ends in a poisonous barb. [Green
                  | Draconian growth]
 16167 | Lair:5   | Reached XP level 14. HP: 113/127 MP: 22/22
 16323 | Lair:5   | Reached skill level 14 in Maces & Flails
 16323 | Lair:5   | Received a gift from Yredelemnul (a vampire)
 16831 | Lair:6   | Entered Level 6 of the Lair of Beasts
 17044 | Lair:6   | Found a runed translucent door.
 17467 | Lair:6   | Found a staircase to the Slime Pits.
 17572 | Lair:6   | Received a gift from Yredelemnul (a flayed ghost)
 17759 | Lair:6   | Received a gift from Yredelemnul (a vampire)
 18073 | Lair:6   | Noticed Snorg
 18079 | Lair:6   | Killed Snorg
 18957 | D:11     | Received a gift from Yredelemnul (a flayed ghost)
 18968 | D:11     | Found a staircase to the Orcish Mines.
 19344 | D:11     | Killed from afar by a wizard

Illustrated notes

Levels and vault maps discovered:
D:2:      layout_basic, old_standard_altar, nicolae_overflow_crystal_walls,
          lemuel_doored_altar, old_standard_altar, lemuel_crystal_altar,
          uniq_natasha
D:3:      layout_basic, chequers_temple_overflow_statue_of_worship,
          gammafunk_ghost_cemetery
D:4:      layout_loops_cross, evilmike_ruin_ashenzari, serial_shops,
          kennysheep_mini, hangedman_decor_peaks_small
D:5:      layout_cave_pools, nzn_wu_jian_council_hall, serial_shops, shop,
          nicolae_shop_behind_doors, kennysheep_mini_moat, shop_statue, shop
D:6:      layout_basic, temple_hall, basic_altar, uniq_duvessa, uniq_pikel,
          uniq_sigmund, uniq_eustachio
D:7:      layout_loops_ring, serial_shops, shop, fedhas_altar_fruit_tree
D:8:      layout_cave_pools, grunt_temple_overflow_growth_and_decay,
          lemuel_coloured_pillars_altar, serial_gnoll_camp,
          gnoll_camp_mini_shop, gnoll_camp_medium_01, gnoll_camp_mini_doghouse,
          grums_kennel, gnoll_camp_medium_02, gnoll_camp_mini_loothouse,
          minmay_lizard_king
D:9:      cheibrodos_wizards_tower, layout_stronghold, lemuel_round_altar,
          enter_bailey_5, uniq_maggie, uniq_joseph
D:10:     layout_loops_ring, erik_lair_dragon, uniq_josephine
D:11:     layout_basic, hiddenorc2_lemuel
Lair:1:   layout_cave_pods, gauntlet_entry_generic,
          hangedman_lair_generics_rect, uniq_sonja, uniq_harold
Lair:2:   layout_concentric_octagons, elwin_shoals_entry_rooms,
          grunt_megastairs_2, minmay_lair_oklob_chamber
Lair:3:   layout_gridlike, minmay_snake_entry_guardpost_medium, special_room
          [special_room_bee]
Lair:4:   layout_cave_pods
Lair:5:   nzn_winding_woodlands_stair_trap [nzn_winding_woodlands_5x15_crooked,
          nzn_winding_woodlands_5x15_cabin,
          nzn_winding_woodlands_5x15_lazy_stream,
          nzn_winding_woodlands_15x15_killbox,
          nzn_winding_woodlands_5x15_garden, nzn_winding_woodlands_5x15_eye,
          nzn_winding_woodlands_5x15_default], layout_cave_pods,
          columned_hall_lemuel, hibernation_bobbens
Lair:6:   guppyfry_lair_end_dragon, layout_regular_city, wormcave, slime_dummy,
          uniq_snorg

Skill      XL: |  1  2  3  4  5  6  7  8  9 10 11 12 13 14 |
---------------+-------------------------------------------+-----
Dodging        | 2 3 4 5 6 7 8 9 10 11 | 11.1
Fighting       | 4 5 6 7 8 9 10 11 12 13 | 13.2
Maces & Flails | 3 4 5 6 7 9 11 12 13 14 | 14.9
Invocations    | 2 4 6 7 9 10 11 12 | 12.1
Shields        | 1 3 4 |  4.0
Stealth        | 6 7 9 |  9.0

Action                   |  1- 3 |  4- 6 |  7- 9 | 10-12 | 13-15 || total
-------------------------+-------+-------+-------+-------+-------++-------
Melee: Mace              |    44 |   102 |   104 |       |       ||   250
       Tailslap          |     7 |    13 |    63 |    89 |   109 ||   281
       Spear             |       |     7 |       |       |       ||     7
       Flail             |       |       |   244 |   257 |       ||   501
       Morningstar       |       |       |       |   338 |   707 ||  1045
Throw: Dart              |       |       |       |    13 |       ||    13
Invok: Animate Remains   |       |     1 |    28 |       |       ||    29
       Animate Dead      |       |       |     5 |    37 |    55 ||    97
       Injury Mirror     |       |       |       |     5 |     2 ||     7
       Drain Life        |       |       |       |     4 |    11 ||    15
       Recall Undead Sla |       |       |       |     1 |       ||     1
 Abil: Breathe Noxious F |       |       |     4 |    13 |     4 ||    21
Evoke: Wand              |       |       |     9 |     3 |     1 ||    13
       Condenser vane    |       |       |       |       |     1 ||     1
  Use: Scroll            |       |     8 |     7 |     7 |     7 ||    29
       Potion            |       |     1 |     3 |     2 |       ||     6
 Stab: Sleeping          |     3 |     7 |    12 |    11 |    13 ||    46
       Confused          |       |       |     5 |     4 |     2 ||    11
       Distracted        |       |       |     2 |     6 |     7 ||    15
Armor: Skin              |    14 |    20 |    82 |   111 |   145 ||   372
Dodge: Dodged            |    33 |    75 |   314 |   558 |   622 ||  1602
Block: Buckler           |       |       |    70 |   142 |   157 ||   369

Table legend: (Time is in decaauts)
 A = Elapsed time spent in this place.
 B = Non-inter-level travel time spent in this place.
 C = Inter-level travel time spent in this place.
 D = Time resting spent in this place.
 E = Time spent auto-exploring this place.
 F = Levels seen in this place.
 G = Mean time per level.
                   A        B        C        D        E       F      G
               +--------+--------+--------+--------+--------+-----+--------+
         Total |  19326 |  18411 |    915 |    300 |  13607 |  18 | 1073.7 |
       Dungeon |  10022 |   9626 |    396 |      0 |   7088 |  10 | 1002.2 |
          Lair |   8054 |   7536 |    518 |      0 |   6058 |   6 | 1342.3 |
         Abyss |    833 |    833 |      0 |    300 |    169 |   1 |  833.0 |
      Gauntlet |    416 |    416 |      0 |      0 |    292 |   1 |  416.0 |
               +--------+--------+--------+--------+--------+-----+--------+

Top non-repeatable levels by time:
  Lair:6: 1772 daAuts
  Lair:5: 1431 daAuts
     D:4: 1384 daAuts
  Lair:3: 1323 daAuts
  Lair:2: 1291 daAuts
     D:9: 1199 daAuts
     D:6: 1157 daAuts
  Lair:4: 1154 daAuts
     D:8: 1105 daAuts
  Lair:1: 1081 daAuts
     D:3: 1021 daAuts
    D:10: 1015 daAuts
     D:7: 941 daAuts
     D:2: 885 daAuts
     D:5: 837 daAuts
